Admirals NSH vs Ice Caps

Created - Thursday, December 24, 2015 at 04:26

Goals
1 2 3 OT1 SO T
Admirals NSH 0 1 0 0 0 1
Ice Caps 1 0 0 0 1 2
Shots
1 2 3 OT1 SO T
Admirals NSH 8 7 11 3 4 29
Ice Caps 14 2 12 0 4 28

1st period

1. Ice Caps , Ryan Carter 8 (Barry Goers, B.J. Crombeen) at 11:01 (PP)

Penalties :
Brandon Yip (STJ) for Fighting (Major) at 1:26, Pierre-Cedric Labrie (MIL) for Fighting (Major) at 1:26, Troy Bodie (STJ) for Fighting (Major) at 2:40, Frazer McLaren (MIL) for Fighting (Major) at 2:40, Troy Bodie (STJ) for instigated a fight (Minor) at 2:40, Troy Bodie (STJ) for instigated a fight (10 Minutes Misconduct) at 2:40, Patrick Mullen (MIL) for Interference (Minor) at 6:27, Nick D'Agostino (STJ) for Fighting (Major) at 9:21, Pierre-Cedric Labrie (MIL) for Fighting (Major) at 9:21, Pierre-Cedric Labrie (MIL) for instigated a fight (Minor) at 9:21, Pierre-Cedric Labrie (MIL) for instigated a fight (10 Minutes Misconduct) at 9:21, Frazer McLaren (MIL) for Roughing (Minor) at 12:14, Brad Winchester (MIL) for Holding Stick (Minor) at 12:33

2nd period

2. Admirals NSH , Victor Bartley 3 (Brad Winchester) at 18:26 (PP)

Penalties :
B.J. Crombeen (STJ) for Fighting (Major) at 1:33, Oliver Lauridsen (MIL) for Fighting (Major) at 1:33, Brad Winchester (MIL) for Interference (Minor) at 14:38, Kyle MacKinnon (STJ) for Hooking (Minor) at 18:17, Brandon Yip (STJ) for Fighting (Major) at 19:21, Oliver Lauridsen (MIL) for Fighting (Major) at 19:21

3rd period

No Goal

Penalties :
B.J. Crombeen (STJ) for Fighting (Major) at 0:08, Mike Blunden (MIL) for Fighting (Major) at 0:08, Alex Grant (STJ) for Fighting (Major) at 4:32, Frazer McLaren (MIL) for Fighting (Major) at 4:32, B.J. Crombeen (STJ) for Fighting (Major / Game Misconduct) at 11:21, Brad Winchester (MIL) for Fighting (Major) at 11:21, Victor Bartley (MIL) for Hooking (Minor) at 12:27

Overtime #1

No Goal

Penalties :
No Penalty

Shootout

Penalty Shot by Ben Sexton for Admirals NSH - Shot Misses the Net
Penalty Shot by Ryan Carter for Ice Caps - Stopped by Chad Johnson
Penalty Shot by Andrew Desjardins for Admirals NSH - Stopped by Jussi Rynnas
Penalty Shot by Shawn Thornton for Ice Caps - Shot Misses the Net
Penalty Shot by Mike Blunden for Admirals NSH - Shot Misses the Net
Penalty Shot by Chris Conner for Ice Caps - Stopped by Chad Johnson
Penalty Shot by Brad Winchester for Admirals NSH - Stopped by Jussi Rynnas
Penalty Shot by Derek Grant for Ice Caps - Goal!

Penalties :
No Penalty

Goalie Stats

Chad Johnson (MIL), 27 saves from 28 shots - (0.964), OTL, 13-4-4, 65:00 minutes
Jussi Rynnas (STJ), 28 saves from 29 shots - (0.966), W, 7-5-6, 65:00 minutes

Players Stats for Admirals NSH

Player Name              G  A  P  +/- PIM S  H  SB GA TA FO     MP     PP MP  PK MP  
------------------------------------------------------------------------------------
Allan McPherson          0  0  0   0  0   0  1  0  1  0  2/8    10:08   0:00   1:03 
Andrew Desjardins        0  0  0   0  0   5  4  0  3  2  6/23   25:10   1:27   3:59 
Ben Sexton               0  0  0   0  0   1  0  0  0  0  1/4    15:03   0:00   0:00 
Brad Winchester          0  1  1   0  9   2  1  0  2  0  2/2    19:27   1:38   1:57 
Brian Lashoff            0  0  0   0  0   4  0  2  1  1  0/0    25:38   1:08   4:21 
Eric Faille              0  0  0   0  0   2  1  0  1  0  0/0    17:48   0:00   2:44 
Frazer McLaren           0  0  0   0  12  1  2  0  1  0  3/8    15:02   0:00   1:18 
Fredrik Claesson         0  0  0   0  0   0  0  1  1  2  0/0    16:46   0:00   2:32 
Jamie Wise               0  0  0   0  0   2  2  0  1  0  0/2    16:31   0:00   1:08 
Jyrki Jokipakka          0  0  0   0  0   1  0  3  2  4  0/0    26:15   1:08   2:32 
Michael Pelech           0  0  0   0  0   1  3  0  1  0  1/1    16:09   1:11   0:00 
Mike Blunden             0  0  0   0  5   1  3  1  2  0  1/2    18:59   0:57   2:43 
Nikita Nesterov          0  0  0   0  0   5  1  2  2  1  0/0    16:27   1:00   1:03 
Oliver Lauridsen         0  0  0   0  10  1  0  0  0  1  0/0    12:07   0:00   1:03 
Patrick Mullen           0  0  0   0  2   0  2  1  1  0  0/0    13:23   0:00   0:00 
Pierre-Cedric Labrie     0  0  0   0  22  0  2  0  1  0  3/6    10:27   0:00   0:00 
Victor Bartley           1  0  1   0  2   3  0  4  3  1  0/0    19:45   1:00   4:21 
Wade Megan               0  0  0   0  0   0  2  0  0  0  0/0    15:47   1:11   0:00 

Players Stats for Ice Caps

Player Name              G  A  P  +/- PIM S  H  SB GA TA FO     MP     PP MP  PK MP  
------------------------------------------------------------------------------------
Alex Biega               0  0  0   0  0   1  0  5  1  1  0/0    28:03   6:09   0:36 
Alex Grant               0  0  0   0  5   0  1  1  1  3  0/0    25:36   6:09   0:36 
B.J. Crombeen            0  1  1   0  25  0  2  1  3  0  0/1    11:42   4:17   0:37 
Barry Goers              0  1  1   0  0   0  0  1  0  1  0/0    23:53   1:47   1:32 
Brandon Yip              0  0  0   0  10  1  0  1  0  1  0/0    12:42   0:00   0:00 
Chris Conner             0  0  0   0  0   4  2  3  2  2  0/0    20:30   3:39   0:37 
Derek Grant              0  0  0   0  0   5  7  5  3  0  8/11   19:20   3:39   0:00 
Drew LeBlanc             0  0  0   0  0   0  0  0  0  0  1/2    15:28   3:05   0:00 
FARM PLAYER23            0  0  0   0  0   0  0  0  0  0  0/0    17:26   0:28   0:00 
FARM PLAYER29            0  0  0   0  0   0  0  0  0  0  0/0    13:41   0:00   0:00 
Kyle MacKinnon           0  0  0   0  2   2  1  0  1  2  5/7     7:39   0:00   0:00 
Nick D'Agostino          0  0  0   0  5   0  0  2  1  0  0/0    21:36   1:19   1:32 
Paul Carey               0  0  0   0  0   3  1  1  4  1  0/0    16:27   0:22   0:00 
Phil Lane                0  0  0   0  0   0  1  0  0  0  0/0     7:42   0:00   0:00 
Ryan Carter              1  0  1   0  0   5  2  1  1  1  15/23  25:06   3:35   1:31 
Shawn Thornton           0  0  0   0  0   6  1  0  2  0  0/0    20:22   4:17   1:31 
Tim Kennedy              0  0  0   0  0   1  0  3  2  0  8/11   16:54   0:00   0:00 
Troy Bodie               0  0  0   0  17  0  1  0  0  0  0/1    13:36   0:54   0:00 

3 Stars

1 - Jussi Rynnas (STJ)
2 - Chad Johnson (MIL)
3 - Ryan Carter (STJ)

Power Play

Admirals NSH - 1 on 2 Attempt(s) - 50.00%
Ice Caps - 1 on 6 Attempt(s) - 16.67%

Penalty Kill

Admirals NSH - 5 on 6 Attempt(s) - 83.33% - Score 0 goal in Penalty Kill
Ice Caps - 1 on 2 Attempt(s) - 50.00% - Score 0 goal in Penalty Kill

Team Stat

Admirals NSH - Hits : 24 - Faceoff Wins : 19 - Blocked Shots : 14 - Penalty Minutes : 62
Ice Caps - Hits : 19 - Faceoff Wins : 37 - Blocked Shots : 24 - Penalty Minutes : 64

Official

Referees : Unknown
Linesman : Unknown

Game Notes

Brandon Yip and Pierre-Cedric Labrie fight to a draw at 1:26 of 1st period
Troy Bodie beats up Frazer McLaren at 2:40 of 1st period
Pierre-Cedric Labrie beats up Nick D'Agostino at 9:21 of 1st period
B.J. Crombeen and Oliver Lauridsen fight to a draw at 1:33 of 2nd period
Brandon Yip beats up Oliver Lauridsen at 19:21 of 2nd period
Mike Blunden beats up B.J. Crombeen at 0:08 of 3rd period
Frazer McLaren beats up Alex Grant at 4:32 of 3rd period
B.J. Crombeen beats up Brad Winchester at 11:21 of 3rd period
B.J. Crombeen ejected from game at 11:21 of 3rd period

Finance

Level 1 -- Attendance: 1588 (79.40%) -- Ticket Income $44,464
Level 2 -- Attendance: 732 (73.20%) -- Ticket Income $10,980
Total Attendance: 2320 (77.33%)
Total Ticket Income: $55,444
Other Income: $27,168
Total Income: $82,612

Admirals NSH

5 vs 5 Forward 
   Center                   Left Wing                Right Wing               Time % Phy DF OF 
 1 Andrew Desjardins        Mike Blunden             Brad Winchester          27     0   2  3  
 2 Pierre-Cedric Labrie     Michael Pelech           Wade Megan               27     0   2  3  
 3 Frazer McLaren           Eric Faille              Jamie Wise               27     0   2  3  
 4 Allan McPherson          Ben Sexton               Andrew Desjardins        19     0   2  3  

5 vs 5 Defense 
   Defense                  Defense                                           Time % Phy DF OF 
 1 Jyrki Jokipakka          Victor Bartley                                    27     0   4  1  
 2 Brian Lashoff            Nikita Nesterov                                   27     0   4  1  
 3 Fredrik Claesson         Oliver Lauridsen                                  27     0   4  1  
 4 Patrick Mullen           Jyrki Jokipakka                                   19     0   4  1  

PowerPlay Forward 
   Center                   Left Wing                Right Wing               Time % Phy DF OF 
 1 Andrew Desjardins        Mike Blunden             Brad Winchester          50     0   1  4  
 2 Pierre-Cedric Labrie     Michael Pelech           Wade Megan               50     0   1  4  

PowerPlay Defense
   Defense                  Defense                                           Time % Phy DF OF 
 1 Brian Lashoff            Jyrki Jokipakka                                   50     0   2  3  
 2 Nikita Nesterov          Victor Bartley                                    50     0   2  3  

Penalty Kill 4 Players Forward 
   Center                   Wing                     Time % Phy DF OF 
 1 Andrew Desjardins        Mike Blunden             50     0   3  2  
 2 Brad Winchester          Eric Faille              50     0   3  2  

Penalty Kill 4 Players Defense
   Defense                  Defense                  Time % Phy DF OF 
 1 Victor Bartley           Brian Lashoff            50     0   4  1  
 2 Fredrik Claesson         Jyrki Jokipakka          50     0   4  1  

Penalty Kill - 3 Players Forward 
   Forward                                           Time % Phy DF OF 
 1 Andrew Desjardins                                 50     0   5  0  
 2 Jamie Wise                                        50     0   5  0  

Penalty Kill - 3 Players Defense
   Defense                  Defense                  Time % Phy DF OF 
 1 Brian Lashoff            Victor Bartley           50     0   5  0  
 2 Oliver Lauridsen         Nikita Nesterov          50     0   5  0  

4 vs 4 Forward 
   Center                   Wing                     Time % Phy DF OF 
 1 Andrew Desjardins        Brad Winchester          50     0   2  3  
 2 Mike Blunden             Allan McPherson          50     0   2  3  

4 vs 4 Defense
   Defense                  Defense                  Time % Phy DF OF 
 1 Victor Bartley           Jyrki Jokipakka          50     0   4  1  
 2 Patrick Mullen           Brian Lashoff            50     0   4  1  

Last Minutes Offensive
   Center                   Left Wing                Right Wing               Defense                  Defense                  
   Andrew Desjardins        Mike Blunden             Brad Winchester          Brian Lashoff            Victor Bartley           

Last Minutes Defensive
   Center                   Left Wing                Right Wing               Defense                  Defense                  
   Andrew Desjardins        Mike Blunden             Brad Winchester          Brian Lashoff            Victor Bartley           

Goaltenders
Starting : Chad Johnson             
Backup : Johan Gustafsson         

Extra Forwards
Normal : Ben Sexton, Andrew Desjardins, Mike Blunden - PP : Brad Winchester, Pierre-Cedric Labrie - PK : Frazer McLaren
Extra Defensemen
Normal : Patrick Mullen, Oliver Lauridsen, Brian Lashoff - PP : Jyrki Jokipakka - PK : Victor Bartley, Fredrik Claesson
Penalty Shots
Ben Sexton, Andrew Desjardins, Mike Blunden, Brad Winchester, Pierre-Cedric Labrie

Ice Caps

5 vs 5 Forward 
   Center                   Left Wing                Right Wing               Time % Phy DF OF 
 1 Ryan Carter              B.J. Crombeen            Shawn Thornton           35     1   2  2  
 2 Derek Grant              Chris Conner             Troy Bodie               30     1   2  2  
 3 Tim Kennedy              Paul Carey               Brandon Yip              22     1   2  2  
 4 Kyle MacKinnon           Ryan Carter              Phil Lane                13     1   2  2  

5 vs 5 Defense 
   Defense                  Defense                                           Time % Phy DF OF 
 1 Alex Grant               Alex Biega                                        35     1   2  2  
 2 Nick D'Agostino          Barry Goers                                       30     1   2  2  
 3 FARM PLAYER23            FARM PLAYER29                                     22     1   2  2  
 4 Alex Grant               Alex Biega                                        13     1   2  2  

PowerPlay Forward 
   Center                   Left Wing                Right Wing               Time % Phy DF OF 
 1 Ryan Carter              B.J. Crombeen            Shawn Thornton           60     1   2  2  
 2 Derek Grant              Chris Conner             Troy Bodie               40     1   2  2  

PowerPlay Defense
   Defense                  Defense                                           Time % Phy DF OF 
 1 Alex Grant               Alex Biega                                        60     1   2  2  
 2 Nick D'Agostino          Barry Goers                                       40     1   2  2  

Penalty Kill 4 Players Forward 
   Center                   Wing                     Time % Phy DF OF 
 1 Ryan Carter              Shawn Thornton           60     1   2  2  
 2 B.J. Crombeen            Chris Conner             40     1   2  2  

Penalty Kill 4 Players Defense
   Defense                  Defense                  Time % Phy DF OF 
 1 Alex Grant               Alex Biega               60     1   2  2  
 2 Nick D'Agostino          Barry Goers              40     1   2  2  

Penalty Kill - 3 Players Forward 
   Forward                                           Time % Phy DF OF 
 1 Ryan Carter                                       60     1   2  2  
 2 Shawn Thornton                                    40     1   2  2  

Penalty Kill - 3 Players Defense
   Defense                  Defense                  Time % Phy DF OF 
 1 Alex Grant               Alex Biega               60     1   2  2  
 2 Nick D'Agostino          Barry Goers              40     1   2  2  

4 vs 4 Forward 
   Center                   Wing                     Time % Phy DF OF 
 1 Ryan Carter              Shawn Thornton           60     1   2  2  
 2 B.J. Crombeen            Chris Conner             40     1   2  2  

4 vs 4 Defense
   Defense                  Defense                  Time % Phy DF OF 
 1 Alex Grant               Alex Biega               60     1   2  2  
 2 Nick D'Agostino          Barry Goers              40     1   2  2  

Last Minutes Offensive
   Center                   Left Wing                Right Wing               Defense                  Defense                  
   Ryan Carter              B.J. Crombeen            Shawn Thornton           Alex Grant               Alex Biega               

Last Minutes Defensive
   Center                   Left Wing                Right Wing               Defense                  Defense                  
   Ryan Carter              B.J. Crombeen            Shawn Thornton           Alex Grant               Alex Biega               

Goaltenders
Starting : Jussi Rynnas             
Backup : Jeff Zatkoff             

Extra Forwards
Normal : Drew LeBlanc, Paul Carey, Tim Kennedy - PP : Drew LeBlanc, Paul Carey - PK : Tim Kennedy
Extra Defensemen
Normal : FARM PLAYER23, FARM PLAYER29, Nick D'Agostino - PP : FARM PLAYER23 - PK : FARM PLAYER29, Nick D'Agostino
Penalty Shots
Ryan Carter, Shawn Thornton, B.J. Crombeen, Chris Conner, Paul Carey

% Time on Ice - Admirals NSH

Lines # - Real PCT - Wanted PCT - Time Play
Normal Forward
1 - 26% - 27% - 12:47
2 - 31% - 27% - 15:43
3 - 30% - 27% - 15:04
4 - 13% - 19% - 6:22
Normal Defense
1 - 26% - 27% - 13:13
2 - 29% - 27% - 14:27
3 - 28% - 27% - 14:11
4 - 16% - 19% - 8:05
PP Forward
1 - 45% - 50% - 0:57
2 - 55% - 50% - 1:11
PP Defense
1 - 53% - 50% - 1:08
2 - 47% - 50% - 1:00
PK Forward
1 - 43% - 50% - 2:43
2 - 57% - 50% - 3:33
PK Defense
1 - 60% - 50% - 3:44
2 - 40% - 50% - 2:32
PK3 Forward
1 - 51% - 50% - 0:51
2 - 49% - 50% - 0:49
PK3 Defense
1 - 37% - 50% - 0:37
2 - 63% - 50% - 1:03
44 Forward
1 - 58% - 50% - 2:53
2 - 42% - 50% - 2:07
44 Defense
1 - 54% - 50% - 2:41
2 - 46% - 50% - 2:19
Last Minute Offensive  - 0:00
Last Minute Defensive  - 0:00
Total
Forward - 65:00
Defense - 65:00

% Time on Ice - Ice Caps

Lines # - Real PCT - Wanted PCT - Time Play
Normal Forward
1 - 25% - 35% - 12:19
2 - 31% - 30% - 15:33
3 - 30% - 22% - 14:48
4 - 15% - 13% - 7:16
Normal Defense
1 - 30% - 35% - 15:06
2 - 37% - 30% - 18:25
3 - 26% - 22% - 13:04
4 - 7% - 13% - 3:21
PP Forward
1 - 54% - 60% - 4:17
2 - 46% - 40% - 3:39
PP Defense
1 - 78% - 60% - 6:09
2 - 22% - 40% - 1:47
PK Forward
1 - 71% - 60% - 1:31
2 - 29% - 40% - 0:37
PK Defense
1 - 28% - 60% - 0:36
2 - 72% - 40% - 1:32
PK3 Forward
1 - 0% - 60%
2 - 0% - 40%
PK3 Defense
1 - 0% - 60%
2 - 0% - 40%
44 Forward
1 - 86% - 60% - 4:19
2 - 14% - 40% - 0:41
44 Defense
1 - 57% - 60% - 2:51
2 - 43% - 40% - 2:09
Last Minute Offensive  - 0:00
Last Minute Defensive  - 0:00
Total
Forward - 65:00
Defense - 65:00

Play by Play

1st period


0:01 of 1st period - Ryan Carter wins face-off versus Mike Blunden in neutral zone.
0:46 of 1st period - Wrist shot by Chris Conner.
0:46 of 1st period - Stopped by Chad Johnson with a rebound.
0:50 of 1st period - Snap shot by Chris Conner.
0:50 of 1st period - Shot Blocked by Mike Blunden.
0:52 of 1st period - Snap shot by Derek Grant.
0:52 of 1st period - Stopped by Chad Johnson with a rebound.
0:54 of 1st period - Snap shot by Troy Bodie.
0:54 of 1st period - Shot Misses the Net.
1:02 of 1st period - Derek Grant is hit by Andrew Desjardins and loses puck.
1:26 of 1st period - Brandon Yip and Pierre-Cedric Labrie fight to a draw.
1:26 of 1st period - Penalty to Brandon Yip for Fighting.
1:26 of 1st period - Penalty to Pierre-Cedric Labrie for Fighting.
1:27 of 1st period - Tim Kennedy wins face-off versus Frazer McLaren in neutral zone.
1:49 of 1st period - Slapshot by Fredrik Claesson.
1:49 of 1st period - Shot Blocked by Tim Kennedy.
1:51 of 1st period - Wrist shot by Eric Faille.
1:51 of 1st period - Stopped by Jussi Rynnas with a rebound.
1:53 of 1st period - Slapshot by Jamie Wise.
1:53 of 1st period - Deflect By Paul Carey.
1:53 of 1st period - Shot Hit the Post.
1:53 of 1st period - Puck is out of play.
1:54 of 1st period - Kyle MacKinnon wins face-off versus Ben Sexton in Ice Caps zone.
2:07 of 1st period - Wrist shot by Nikita Nesterov.
2:07 of 1st period - Deflect By Ryan Carter.
2:07 of 1st period - Stopped by Jussi Rynnas with a rebound.
2:13 of 1st period - Slapshot by Nikita Nesterov.
2:13 of 1st period - Stopped by Jussi Rynnas without a rebound.
2:14 of 1st period - Ben Sexton wins face-off versus Kyle MacKinnon in Ice Caps zone.
2:29 of 1st period - Slapshot by Nikita Nesterov.
2:29 of 1st period - Deflect By Kyle MacKinnon.
2:29 of 1st period - Stopped by Jussi Rynnas without a rebound.
2:30 of 1st period - Frazer McLaren wins face-off versus Derek Grant in Ice Caps zone.
2:40 of 1st period - Troy Bodie beats up Frazer McLaren.
2:40 of 1st period - Penalty to Troy Bodie for Fighting.
2:40 of 1st period - Penalty to Frazer McLaren for Fighting.
2:40 of 1st period - Penalty to Troy Bodie for instigated a fight.
2:40 of 1st period - Penalty to Troy Bodie for instigated a fight.
2:41 of 1st period - Ryan Carter wins face-off versus Andrew Desjardins in Ice Caps zone.
2:54 of 1st period - Backhand shot by Brian Lashoff.
2:54 of 1st period - Shot Blocked by Alex Biega.
2:56 of 1st period - Backhand shot by Andrew Desjardins.
2:56 of 1st period - Shot Misses the Net.
2:58 of 1st period - Slapshot by Brian Lashoff.
2:58 of 1st period - Shot Misses the Net.
3:00 of 1st period - Slapshot by Brian Lashoff.
3:00 of 1st period - Shot Blocked by Alex Biega.
3:02 of 1st period - Wrist shot by Andrew Desjardins.
3:02 of 1st period - Stopped by Jussi Rynnas without a rebound.
3:03 of 1st period - Brad Winchester wins face-off versus Ryan Carter in Ice Caps zone.
3:04 of 1st period - Slapshot by Nikita Nesterov.
3:04 of 1st period - Stopped by Jussi Rynnas without a rebound.
3:05 of 1st period - Brad Winchester wins face-off versus Ryan Carter in Ice Caps zone.
4:25 of 1st period - Snap shot by Brian Lashoff.
4:25 of 1st period - Deflect By Andrew Desjardins.
4:25 of 1st period - Shot Misses the Net.
4:25 of 1st period - Puck is out of play.
4:26 of 1st period - Ryan Carter wins face-off versus Andrew Desjardins in Ice Caps zone.
4:40 of 1st period - Penalty to Troy Bodie is over, Tim Kennedy is send on ice.
4:43 of 1st period - Wrist shot by Jyrki Jokipakka.
4:43 of 1st period - Shot Blocked by B.J. Crombeen.
5:07 of 1st period - B.J. Crombeen is hit by Jamie Wise and loses puck.
5:40 of 1st period - Oliver Lauridsen is hit by Ryan Carter.
5:44 of 1st period - Fredrik Claesson is hit by Kyle MacKinnon and loses puck.
5:58 of 1st period - Snap shot by Kyle MacKinnon.
5:58 of 1st period - Stopped by Chad Johnson with a rebound.
6:00 of 1st period - Snap shot by Phil Lane.
6:00 of 1st period - Deflect By Ryan Carter.
6:00 of 1st period - Stopped by Chad Johnson with a rebound.
6:18 of 1st period - Snap shot by Paul Carey.
6:18 of 1st period - Deflect By Tim Kennedy.
6:18 of 1st period - Shot Misses the Net.
6:18 of 1st period - Puck is out of play.
6:19 of 1st period - Tim Kennedy wins face-off versus Allan McPherson in Admirals NSH zone.
6:27 of 1st period - Minor Penalty to Patrick Mullen for Interference.
6:28 of 1st period - Derek Grant wins face-off versus Andrew Desjardins in Admirals NSH zone.
6:39 of 1st period - Wrist shot by Derek Grant.
6:39 of 1st period - Stopped by Chad Johnson with a rebound.
6:41 of 1st period - Wrist shot by Derek Grant.
6:41 of 1st period - Shot Misses the Net.
6:43 of 1st period - Slapshot by Alex Biega.
6:43 of 1st period - Shot Misses the Net.
6:45 of 1st period - Snap shot by Alex Biega.
6:45 of 1st period - Shot Blocked by Victor Bartley.
6:47 of 1st period - Slapshot by Alex Biega.
6:47 of 1st period - Stopped by Chad Johnson with a rebound.
6:49 of 1st period - Snap shot by Drew LeBlanc.
6:49 of 1st period - Shot Blocked by Victor Bartley.
6:51 of 1st period - Wrist shot by Derek Grant.
6:51 of 1st period - Shot Blocked by Victor Bartley.
7:29 of 1st period - Brad Winchester is hit by Derek Grant and loses puck.
7:40 of 1st period - Penalty to Frazer McLaren is over, Frazer McLaren is back on ice.
8:25 of 1st period - Mike Blunden is hit by Derek Grant and loses puck.
8:27 of 1st period - Penalty to Patrick Mullen is over, Patrick Mullen is back on ice.
8:59 of 1st period - Icing by Pierre-Cedric Labrie.
9:00 of 1st period - Kyle MacKinnon wins face-off versus Pierre-Cedric Labrie in Admirals NSH zone.
9:05 of 1st period - Slapshot by Ryan Carter.
9:05 of 1st period - Shot Misses the Net.
9:09 of 1st period - Wrist shot by Ryan Carter.
9:09 of 1st period - Stopped by Chad Johnson with a rebound.
9:11 of 1st period - Snap shot by Phil Lane.
9:11 of 1st period - Deflect By Ryan Carter.
9:11 of 1st period - Shot Misses the Net.
9:11 of 1st period - Puck is out of play.
9:12 of 1st period - Michael Pelech wins face-off versus Kyle MacKinnon in Admirals NSH zone.
9:14 of 1st period - Icing by Oliver Lauridsen.
9:15 of 1st period - Kyle MacKinnon wins face-off versus Pierre-Cedric Labrie in Admirals NSH zone.
9:21 of 1st period - Pierre-Cedric Labrie beats up Nick D'Agostino.
9:21 of 1st period - Penalty to Nick D'Agostino for Fighting.
9:21 of 1st period - Penalty to Pierre-Cedric Labrie for Fighting.
9:21 of 1st period - Penalty to Pierre-Cedric Labrie for instigated a fight.
9:21 of 1st period - Penalty to Pierre-Cedric Labrie for instigated a fight.
9:22 of 1st period - Andrew Desjardins wins face-off versus Ryan Carter in neutral zone.
9:25 of 1st period - Slapshot by Jyrki Jokipakka.
9:25 of 1st period - Shot Hit the Post.
9:27 of 1st period - Snap shot by Mike Blunden.
9:27 of 1st period - Shot Misses the Net.
9:33 of 1st period - Snap shot by Mike Blunden.
9:33 of 1st period - Shot Misses the Net.
9:35 of 1st period - Snap shot by Mike Blunden.
9:35 of 1st period - Deflect By Andrew Desjardins.
9:35 of 1st period - Stopped by Jussi Rynnas with a rebound.
9:37 of 1st period - Wrist shot by Fredrik Claesson.
9:37 of 1st period - Deflect By Mike Blunden.
9:37 of 1st period - Shot Blocked by Alex Biega.
9:37 of 1st period - Puck is out of play.
9:38 of 1st period - Ryan Carter wins face-off versus Andrew Desjardins in Ice Caps zone.
10:36 of 1st period - Brad Winchester is hit by Derek Grant and loses puck.
10:55 of 1st period - Slapshot by B.J. Crombeen.
10:55 of 1st period - Shot Misses the Net.
10:57 of 1st period - Slapshot by Barry Goers.
10:57 of 1st period - Shot Blocked by Jyrki Jokipakka.
10:59 of 1st period - Slapshot by Barry Goers.
10:59 of 1st period - Shot Misses the Net.
11:01 of 1st period - Wrist shot by Ryan Carter.
11:01 of 1st period - Goal by Ryan Carter - Admirals NSH : 0 - Ice Caps : 1.
11:02 of 1st period - Tim Kennedy wins face-off versus Ben Sexton in neutral zone.
12:04 of 1st period - Barry Goers is hit by Frazer McLaren and loses puck.
12:14 of 1st period - Minor Penalty to Frazer McLaren for Roughing.
12:15 of 1st period - Ryan Carter wins face-off versus Andrew Desjardins in Admirals NSH zone.
12:33 of 1st period - Minor Penalty to Brad Winchester for Holding Stick.
12:34 of 1st period - Ryan Carter wins face-off versus Andrew Desjardins in Admirals NSH zone.
12:53 of 1st period - Snap shot by B.J. Crombeen.
12:53 of 1st period - Shot Misses the Net.
12:55 of 1st period - Wrist shot by B.J. Crombeen.
12:55 of 1st period - Shot Misses the Net.
12:57 of 1st period - Snap shot by Shawn Thornton.
12:57 of 1st period - Shot Misses the Net.
12:59 of 1st period - Slapshot by Alex Grant.
12:59 of 1st period - Shot Blocked by Nikita Nesterov.
13:35 of 1st period - Jamie Wise is hit by Derek Grant and loses puck.
14:14 of 1st period - Penalty to Frazer McLaren is over, Frazer McLaren is back on ice.
14:21 of 1st period - Penalty to Pierre-Cedric Labrie is over, Andrew Desjardins is send on ice.
14:31 of 1st period - Snap shot by Derek Grant.
14:31 of 1st period - Deflect By Chris Conner.
14:31 of 1st period - Stopped by Chad Johnson with a rebound.
14:33 of 1st period - Snap shot by Chris Conner.
14:33 of 1st period - Shot Misses the Net.
14:54 of 1st period - Slapshot by Paul Carey.
14:54 of 1st period - Stopped by Chad Johnson with a rebound.
15:18 of 1st period - Slapshot by Paul Carey.
15:18 of 1st period - Stopped by Chad Johnson with a rebound.
15:20 of 1st period - Snap shot by Brandon Yip.
15:20 of 1st period - Stopped by Chad Johnson with a rebound.
16:12 of 1st period - Snap shot by Michael Pelech.
16:12 of 1st period - Stopped by Jussi Rynnas with a rebound.
16:14 of 1st period - Slapshot by Ben Sexton.
16:14 of 1st period - Shot Misses the Net.
16:16 of 1st period - Slapshot by Patrick Mullen.
16:16 of 1st period - Shot Blocked by Derek Grant.
16:35 of 1st period - Chris Conner is hit by Mike Blunden and loses puck.
16:59 of 1st period - Slapshot by Mike Blunden.
16:59 of 1st period - Shot Misses the Net.
17:01 of 1st period - Slapshot by Fredrik Claesson.
17:01 of 1st period - Shot Blocked by Nick D'Agostino.
17:40 of 1st period - 10 Minutes Misconduct Penalty to Troy Bodie is over.
18:01 of 1st period - Alex Grant is hit by Frazer McLaren.
18:33 of 1st period - Wrist shot by Shawn Thornton.
18:33 of 1st period - Stopped by Chad Johnson with a rebound.
18:35 of 1st period - Slapshot by Shawn Thornton.
18:35 of 1st period - Stopped by Chad Johnson with a rebound.
19:44 of 1st period - Allan McPherson is hit by B.J. Crombeen and loses puck.
Goals for this period are 0 for Admirals NSH vs 1 for Ice Caps.
Shots for this period are 8 for Admirals NSH vs 14 for Ice Caps.

2nd period


0:01 of 2nd period - Andrew Desjardins wins face-off versus Ryan Carter in neutral zone.
0:14 of 2nd period - Snap shot by Brad Winchester.
0:14 of 2nd period - Stopped by Jussi Rynnas with a rebound.
0:16 of 2nd period - Wrist shot by Brad Winchester.
0:16 of 2nd period - Stopped by Jussi Rynnas with a rebound.
0:18 of 2nd period - Snap shot by Andrew Desjardins.
0:18 of 2nd period - Shot Misses the Net.
0:25 of 2nd period - Off-side.
0:26 of 2nd period - Frazer McLaren wins face-off versus Derek Grant in neutral zone.
1:16 of 2nd period - B.J. Crombeen is hit by Allan McPherson.
1:33 of 2nd period - B.J. Crombeen and Oliver Lauridsen fight to a draw.
1:33 of 2nd period - Penalty to B.J. Crombeen for Fighting.
1:33 of 2nd period - Penalty to Oliver Lauridsen for Fighting.
1:34 of 2nd period - Tim Kennedy wins face-off versus Andrew Desjardins in Admirals NSH zone.
1:35 of 2nd period - Slapshot by Paul Carey.
1:35 of 2nd period - Stopped by Chad Johnson without a rebound.
1:36 of 2nd period - Andrew Desjardins wins face-off versus Tim Kennedy in Admirals NSH zone.
1:43 of 2nd period - Brandon Yip is hit by Mike Blunden and loses puck.
2:02 of 2nd period - Slapshot by Nikita Nesterov.
2:02 of 2nd period - Shot Blocked by Alex Biega.
2:04 of 2nd period - Slapshot by Brian Lashoff.
2:04 of 2nd period - Stopped by Jussi Rynnas with a rebound.
2:06 of 2nd period - Snap shot by Brad Winchester.
2:06 of 2nd period - Shot Misses the Net.
2:08 of 2nd period - Slapshot by Nikita Nesterov.
2:08 of 2nd period - Shot Blocked by Tim Kennedy.
2:10 of 2nd period - Wrist shot by Brad Winchester.
2:10 of 2nd period - Shot Blocked by Brandon Yip.
2:12 of 2nd period - Slapshot by Brian Lashoff.
2:12 of 2nd period - Deflect By Mike Blunden.
2:12 of 2nd period - Shot Misses the Net.
2:12 of 2nd period - Puck is out of play.
2:13 of 2nd period - Drew LeBlanc wins face-off versus Jamie Wise in Ice Caps zone.
2:20 of 2nd period - Snap shot by Shawn Thornton.
2:20 of 2nd period - Stopped by Chad Johnson with a rebound.
2:22 of 2nd period - Snap shot by Ryan Carter.
2:22 of 2nd period - Shot Blocked by Patrick Mullen.
3:12 of 2nd period - Derek Grant is hit by Jamie Wise.
3:18 of 2nd period - Jyrki Jokipakka is hit by Derek Grant and loses puck.
4:01 of 2nd period - Slapshot by Brian Lashoff.
4:01 of 2nd period - Deflect By Alex Grant.
4:01 of 2nd period - Stopped by Jussi Rynnas without a rebound.
4:02 of 2nd period - Ryan Carter wins face-off versus Andrew Desjardins in Ice Caps zone.
4:02 of 2nd period - Ryan Carter is hit by Mike Blunden.
4:17 of 2nd period - Andrew Desjardins is hit by Shawn Thornton.
4:21 of 2nd period - 10 Minutes Misconduct Penalty to Pierre-Cedric Labrie is over.
5:28 of 2nd period - Brandon Yip is hit by Andrew Desjardins and loses puck.
5:47 of 2nd period - Wrist shot by Paul Carey.
5:47 of 2nd period - Shot Blocked by Fredrik Claesson.
6:19 of 2nd period - Snap shot by Kyle MacKinnon.
6:19 of 2nd period - Shot Blocked by Victor Bartley.
7:08 of 2nd period - Slapshot by Jyrki Jokipakka.
7:08 of 2nd period - Shot Misses the Net.
7:10 of 2nd period - Snap shot by Mike Blunden.
7:10 of 2nd period - Shot Blocked by Tim Kennedy.
7:12 of 2nd period - Slapshot by Patrick Mullen.
7:12 of 2nd period - Shot Misses the Net.
7:52 of 2nd period - Mike Blunden is hit by B.J. Crombeen and loses puck.
8:28 of 2nd period - Snap shot by Jyrki Jokipakka.
8:28 of 2nd period - Deflect By Jamie Wise.
8:28 of 2nd period - Shot Misses the Net.
8:28 of 2nd period - Puck is out of play.
8:29 of 2nd period - Kyle MacKinnon wins face-off versus Frazer McLaren in Ice Caps zone.
9:06 of 2nd period - Troy Bodie is hit by Michael Pelech and loses puck.
9:23 of 2nd period - Nikita Nesterov is hit by Troy Bodie and loses puck.
9:51 of 2nd period - Wrist shot by B.J. Crombeen.
9:51 of 2nd period - Shot Misses the Net.
10:55 of 2nd period - Snap shot by Eric Faille.
10:55 of 2nd period - Shot Blocked by Chris Conner.
10:57 of 2nd period - Slapshot by Frazer McLaren.
10:57 of 2nd period - Shot Misses the Net.
10:59 of 2nd period - Slapshot by Nikita Nesterov.
10:59 of 2nd period - Shot Misses the Net.
11:04 of 2nd period - Slapshot by Brian Lashoff.
11:04 of 2nd period - Shot Blocked by Derek Grant.
11:21 of 2nd period - Chris Conner is hit by Nikita Nesterov.
11:25 of 2nd period - Troy Bodie is hit by Wade Megan and loses puck.
12:37 of 2nd period - Slapshot by Jamie Wise.
12:37 of 2nd period - Stopped by Jussi Rynnas with a rebound.
12:41 of 2nd period - Slapshot by Jyrki Jokipakka.
12:41 of 2nd period - Shot Misses the Net.
13:05 of 2nd period - Paul Carey is hit by Michael Pelech and loses puck.
14:24 of 2nd period - Ryan Carter is hit by Brad Winchester and loses puck.
14:38 of 2nd period - Minor Penalty to Brad Winchester for Interference.
14:39 of 2nd period - Derek Grant wins face-off versus Andrew Desjardins in Admirals NSH zone.
15:14 of 2nd period - Wrist shot by B.J. Crombeen.
15:14 of 2nd period - Deflect By Shawn Thornton.
15:14 of 2nd period - Shot Misses the Net.
15:14 of 2nd period - Puck is out of play.
15:15 of 2nd period - Allan McPherson wins face-off versus Drew LeBlanc in Admirals NSH zone.
16:17 of 2nd period - Icing by Ryan Carter.
16:18 of 2nd period - Ryan Carter wins face-off versus Allan McPherson in Ice Caps zone.
16:38 of 2nd period - Penalty to Brad Winchester is over, Brad Winchester is back on ice.
18:17 of 2nd period - Minor Penalty to Kyle MacKinnon for Hooking.
18:18 of 2nd period - Ryan Carter wins face-off versus Andrew Desjardins in Ice Caps zone.
18:26 of 2nd period - Slapshot by Victor Bartley.
18:26 of 2nd period - Goal by Victor Bartley - Admirals NSH : 1 - Ice Caps : 1.
18:27 of 2nd period - Frazer McLaren wins face-off versus Troy Bodie in neutral zone.
18:32 of 2nd period - Slapshot by Victor Bartley.
18:32 of 2nd period - Stopped by Jussi Rynnas with a rebound.
19:21 of 2nd period - Brandon Yip beats up Oliver Lauridsen.
19:21 of 2nd period - Penalty to Brandon Yip for Fighting.
19:21 of 2nd period - Penalty to Oliver Lauridsen for Fighting.
19:22 of 2nd period - Ryan Carter wins face-off versus Andrew Desjardins in Ice Caps zone.
Goals for this period are 1 for Admirals NSH vs 0 for Ice Caps.
Shots for this period are 7 for Admirals NSH vs 2 for Ice Caps.

3rd period


0:01 of 3rd period - Andrew Desjardins wins face-off versus B.J. Crombeen in neutral zone.
0:08 of 3rd period - Mike Blunden beats up B.J. Crombeen.
0:08 of 3rd period - Penalty to B.J. Crombeen for Fighting.
0:08 of 3rd period - Penalty to Mike Blunden for Fighting.
0:09 of 3rd period - Andrew Desjardins wins face-off versus Ryan Carter in neutral zone.
0:46 of 3rd period - Backhand shot by Andrew Desjardins.
0:46 of 3rd period - Shot Blocked by Ryan Carter.
1:02 of 3rd period - Eric Faille is hit by Derek Grant and loses puck.
1:38 of 3rd period - Brian Lashoff is hit by Chris Conner and loses puck.
2:31 of 3rd period - Wrist shot by Kyle MacKinnon.
2:31 of 3rd period - Stopped by Chad Johnson with a rebound.
2:57 of 3rd period - Slapshot by Patrick Mullen.
2:57 of 3rd period - Deflect By Eric Faille.
2:57 of 3rd period - Shot Misses the Net.
2:57 of 3rd period - Puck is out of play.
2:58 of 3rd period - Tim Kennedy wins face-off versus Frazer McLaren in Ice Caps zone.
3:37 of 3rd period - Snap shot by Derek Grant.
3:37 of 3rd period - Stopped by Chad Johnson with a rebound.
3:51 of 3rd period - Nick D'Agostino is hit by Pierre-Cedric Labrie and loses puck.
4:04 of 3rd period - Icing by Alex Grant.
4:05 of 3rd period - Pierre-Cedric Labrie wins face-off versus Ryan Carter in Ice Caps zone.
4:10 of 3rd period - Snap shot by Patrick Mullen.
4:10 of 3rd period - Shot Misses the Net.
4:32 of 3rd period - Wrist shot by Frazer McLaren.
4:32 of 3rd period - Stopped by Jussi Rynnas without a rebound.
4:32 of 3rd period - Frazer McLaren beats up Alex Grant.
4:32 of 3rd period - Penalty to Alex Grant for Fighting.
4:32 of 3rd period - Penalty to Frazer McLaren for Fighting.
4:33 of 3rd period - Derek Grant wins face-off versus Andrew Desjardins in Ice Caps zone.
4:42 of 3rd period - Slapshot by Brian Lashoff.
4:42 of 3rd period - Stopped by Jussi Rynnas without a rebound.
4:43 of 3rd period - Derek Grant wins face-off versus Andrew Desjardins in Ice Caps zone.
4:56 of 3rd period - Slapshot by Derek Grant.
4:56 of 3rd period - Deflect By Chris Conner.
4:56 of 3rd period - Shot Blocked by Nikita Nesterov.
4:56 of 3rd period - Puck is out of play.
4:57 of 3rd period - Ryan Carter wins face-off versus Jamie Wise in Admirals NSH zone.
4:58 of 3rd period - Snap shot by Shawn Thornton.
4:58 of 3rd period - Shot Misses the Net.
5:00 of 3rd period - Snap shot by Shawn Thornton.
5:00 of 3rd period - Stopped by Chad Johnson with a rebound.
5:02 of 3rd period - Wrist shot by Shawn Thornton.
5:02 of 3rd period - Stopped by Chad Johnson with a rebound.
5:04 of 3rd period - Slapshot by Alex Biega.
5:04 of 3rd period - Shot Blocked by Jyrki Jokipakka.
5:06 of 3rd period - Snap shot by Shawn Thornton.
5:06 of 3rd period - Shot Misses the Net.
5:08 of 3rd period - Slapshot by Ryan Carter.
5:08 of 3rd period - Stopped by Chad Johnson with a rebound.
5:48 of 3rd period - Wrist shot by Andrew Desjardins.
5:48 of 3rd period - Stopped by Jussi Rynnas with a rebound.
5:50 of 3rd period - Slapshot by Nikita Nesterov.
5:50 of 3rd period - Shot Blocked by Alex Biega.
5:52 of 3rd period - Snap shot by Mike Blunden.
5:52 of 3rd period - Deflect By Andrew Desjardins.
5:52 of 3rd period - Shot Blocked by Chris Conner.
5:52 of 3rd period - Puck is out of play.
5:53 of 3rd period - Derek Grant wins face-off versus Andrew Desjardins in Ice Caps zone.
6:42 of 3rd period - Brian Lashoff is hit by Paul Carey and loses puck.
7:45 of 3rd period - Wrist shot by Shawn Thornton.
7:45 of 3rd period - Shot Misses the Net.
8:01 of 3rd period - Snap shot by Derek Grant.
8:01 of 3rd period - Shot Misses the Net.
8:03 of 3rd period - Wrist shot by Chris Conner.
8:03 of 3rd period - Stopped by Chad Johnson with a rebound.
8:05 of 3rd period - Snap shot by Chris Conner.
8:05 of 3rd period - Shot Misses the Net.
8:07 of 3rd period - Wrist shot by Derek Grant.
8:07 of 3rd period - Stopped by Chad Johnson with a rebound.
8:09 of 3rd period - Wrist shot by Derek Grant.
8:09 of 3rd period - Shot Blocked by Jyrki Jokipakka.
8:11 of 3rd period - Wrist shot by Troy Bodie.
8:11 of 3rd period - Deflect By Chris Conner.
8:11 of 3rd period - Shot Misses the Net.
8:11 of 3rd period - Puck is out of play.
8:12 of 3rd period - Kyle MacKinnon wins face-off versus Andrew Desjardins in Admirals NSH zone.
9:02 of 3rd period - Ryan Carter is hit by Michael Pelech and loses puck.
9:20 of 3rd period - Snap shot by Tim Kennedy.
9:20 of 3rd period - Stopped by Chad Johnson with a rebound.
9:29 of 3rd period - Icing by Paul Carey.
9:30 of 3rd period - Tim Kennedy wins face-off versus Allan McPherson in Ice Caps zone.
9:32 of 3rd period - Icing by Paul Carey.
9:33 of 3rd period - Tim Kennedy wins face-off versus Allan McPherson in Ice Caps zone.
9:38 of 3rd period - Wrist shot by Paul Carey.
9:38 of 3rd period - Shot Misses the Net.
9:46 of 3rd period - Slapshot by Nikita Nesterov.
9:46 of 3rd period - Stopped by Jussi Rynnas without a rebound.
9:47 of 3rd period - Derek Grant wins face-off versus Frazer McLaren in Ice Caps zone.
10:01 of 3rd period - Slapshot by Derek Grant.
10:01 of 3rd period - Stopped by Chad Johnson with a rebound.
10:39 of 3rd period - Barry Goers is hit by Wade Megan and loses puck.
10:46 of 3rd period - Slapshot by Brian Lashoff.
10:46 of 3rd period - Stopped by Jussi Rynnas with a rebound.
10:48 of 3rd period - Slapshot by Wade Megan.
10:48 of 3rd period - Shot Misses the Net.
10:50 of 3rd period - Snap shot by Brian Lashoff.
10:50 of 3rd period - Shot Misses the Net.
10:52 of 3rd period - Snap shot by Nikita Nesterov.
10:52 of 3rd period - Shot Misses the Net.
11:21 of 3rd period - B.J. Crombeen beats up Brad Winchester.
11:21 of 3rd period - Penalty to B.J. Crombeen for Fighting.
11:21 of 3rd period - B.J. Crombeen is ejected from game.
11:21 of 3rd period - Penalty to Brad Winchester for Fighting.
11:22 of 3rd period - Ryan Carter wins face-off versus Frazer McLaren in Admirals NSH zone.
11:45 of 3rd period - Wrist shot by Shawn Thornton.
11:45 of 3rd period - Stopped by Chad Johnson with a rebound.
11:53 of 3rd period - Slapshot by Eric Faille.
11:53 of 3rd period - Stopped by Jussi Rynnas without a rebound.
11:54 of 3rd period - Derek Grant wins face-off versus Allan McPherson in Ice Caps zone.
11:54 of 3rd period - Derek Grant is hit by Andrew Desjardins.
12:27 of 3rd period - Minor Penalty to Victor Bartley for Hooking.
12:28 of 3rd period - Pierre-Cedric Labrie wins face-off versus Ryan Carter in Admirals NSH zone.
12:34 of 3rd period - Slapshot by Brian Lashoff.
12:34 of 3rd period - Shot Misses the Net.
13:07 of 3rd period - Icing by Brian Lashoff.
13:08 of 3rd period - Pierre-Cedric Labrie wins face-off versus Tim Kennedy in Admirals NSH zone.
13:19 of 3rd period - Snap shot by Paul Carey.
13:19 of 3rd period - Shot Hit the Post.
13:37 of 3rd period - Wrist shot by Paul Carey.
13:37 of 3rd period - Shot Blocked by Brian Lashoff.
13:39 of 3rd period - Snap shot by Alex Grant.
13:39 of 3rd period - Deflect By Paul Carey.
13:39 of 3rd period - Shot Blocked by Brian Lashoff.
13:39 of 3rd period - Puck is out of play.
13:40 of 3rd period - Allan McPherson wins face-off versus Derek Grant in Admirals NSH zone.
14:05 of 3rd period - Wrist shot by Chris Conner.
14:05 of 3rd period - Stopped by Chad Johnson with a rebound.
14:43 of 3rd period - Nick D'Agostino is hit by Eric Faille.
14:58 of 3rd period - Snap shot by Eric Faille.
14:58 of 3rd period - Shot Misses the Net.
15:00 of 3rd period - Slapshot by Oliver Lauridsen.
15:00 of 3rd period - Shot Misses the Net.
15:02 of 3rd period - Slapshot by Oliver Lauridsen.
15:02 of 3rd period - Stopped by Jussi Rynnas with a rebound.
15:18 of 3rd period - Wrist shot by Andrew Desjardins.
15:18 of 3rd period - Shot Blocked by Alex Grant.
15:20 of 3rd period - Snap shot by Oliver Lauridsen.
15:20 of 3rd period - Deflect By Mike Blunden.
15:20 of 3rd period - Stopped by Jussi Rynnas with a rebound.
15:22 of 3rd period - Snap shot by Andrew Desjardins.
15:22 of 3rd period - Stopped by Jussi Rynnas without a rebound.
15:23 of 3rd period - Andrew Desjardins wins face-off versus Tim Kennedy in Ice Caps zone.
15:36 of 3rd period - Paul Carey is hit by Pierre-Cedric Labrie and loses puck.
16:13 of 3rd period - Snap shot by Andrew Desjardins.
16:13 of 3rd period - Shot Blocked by Derek Grant.
16:37 of 3rd period - Snap shot by Victor Bartley.
16:37 of 3rd period - Shot Blocked by Derek Grant.
16:39 of 3rd period - Snap shot by Jamie Wise.
16:39 of 3rd period - Stopped by Jussi Rynnas with a rebound.
16:41 of 3rd period - Slapshot by Jyrki Jokipakka.
16:41 of 3rd period - Shot Blocked by Derek Grant.
17:01 of 3rd period - Alex Grant is hit by Andrew Desjardins and loses puck.
17:18 of 3rd period - Oliver Lauridsen is hit by Phil Lane and loses puck.
17:45 of 3rd period - Jamie Wise is hit by Alex Grant and loses puck.
18:06 of 3rd period - Wrist shot by Ryan Carter.
18:06 of 3rd period - Shot Misses the Net.
18:08 of 3rd period - Wrist shot by Ryan Carter.
18:08 of 3rd period - Stopped by Chad Johnson with a rebound.
18:24 of 3rd period - Backhand shot by Nikita Nesterov.
18:24 of 3rd period - Shot Blocked by Nick D'Agostino.
18:26 of 3rd period - Slapshot by Brian Lashoff.
18:26 of 3rd period - Deflect By Ben Sexton.
18:26 of 3rd period - Deflect By Chris Conner.
18:26 of 3rd period - Stopped by Jussi Rynnas without a rebound.
18:27 of 3rd period - Derek Grant wins face-off versus Allan McPherson in Ice Caps zone.
18:47 of 3rd period - Icing by Alex Biega.
18:48 of 3rd period - Ryan Carter wins face-off versus Ben Sexton in Ice Caps zone.
19:05 of 3rd period - Wrist shot by Paul Carey.
19:05 of 3rd period - Deflect By Brandon Yip.
19:05 of 3rd period - Shot Misses the Net.
19:05 of 3rd period - Puck is out of play.
19:06 of 3rd period - Tim Kennedy wins face-off versus Pierre-Cedric Labrie in Admirals NSH zone.
19:49 of 3rd period - Wrist shot by Mike Blunden.
19:49 of 3rd period - Shot Misses the Net.
19:51 of 3rd period - Slapshot by Brian Lashoff.
19:51 of 3rd period - Shot Blocked by Chris Conner.
Goals for this period are 0 for Admirals NSH vs 0 for Ice Caps.
Shots for this period are 11 for Admirals NSH vs 12 for Ice Caps.

Overtime #1


0:01 of 1st overtime period - Ryan Carter wins face-off versus Andrew Desjardins in neutral zone.
0:16 of 1st overtime period - Slapshot by Jyrki Jokipakka.
0:16 of 1st overtime period - Stopped by Jussi Rynnas without a rebound.
0:17 of 1st overtime period - Ryan Carter wins face-off versus Andrew Desjardins in Ice Caps zone.
0:35 of 1st overtime period - Off-side.
0:36 of 1st overtime period - Mike Blunden wins face-off versus Ryan Carter in neutral zone.
1:04 of 1st overtime period - Ryan Carter is hit by Patrick Mullen and loses puck.
1:33 of 1st overtime period - Ryan Carter is hit by Patrick Mullen and loses puck.
1:38 of 1st overtime period - Wrist shot by Andrew Desjardins.
1:38 of 1st overtime period - Stopped by Jussi Rynnas with a rebound.
3:05 of 1st overtime period - Patrick Mullen is hit by Derek Grant and loses puck.
3:28 of 1st overtime period - Wrist shot by Shawn Thornton.
3:28 of 1st overtime period - Shot Misses the Net.
3:41 of 1st overtime period - Patrick Mullen is hit by Ryan Carter.
4:01 of 1st overtime period - Snap shot by Victor Bartley.
4:01 of 1st overtime period - Shot Blocked by Barry Goers.
4:03 of 1st overtime period - Wrist shot by Victor Bartley.
4:03 of 1st overtime period - Stopped by Jussi Rynnas with a rebound.
4:13 of 1st overtime period - Patrick Mullen is hit by Chris Conner and loses puck.
4:38 of 1st overtime period - Slapshot by Brian Lashoff.
4:38 of 1st overtime period - Shot Blocked by Paul Carey.
Goals for this period are 0 for Admirals NSH vs 0 for Ice Caps.
Shots for this period are 3 for Admirals NSH vs 0 for Ice Caps.

ShootOut


5:00 of 1st overtime period - Penalty Shot by Ben Sexton for Admirals NSH.
5:00 of 1st overtime period - Backhand shot by Ben Sexton.
5:00 of 1st overtime period - Shot Misses the Net.
5:00 of 1st overtime period - Penalty Shot by Ryan Carter for Ice Caps.
5:00 of 1st overtime period - Backhand shot by Ryan Carter.
5:00 of 1st overtime period - Stopped by Chad Johnson.
5:00 of 1st overtime period - Penalty Shot by Andrew Desjardins for Admirals NSH.
5:00 of 1st overtime period - Snap shot by Andrew Desjardins.
5:00 of 1st overtime period - Stopped by Jussi Rynnas.
5:00 of 1st overtime period - Penalty Shot by Shawn Thornton for Ice Caps.
5:00 of 1st overtime period - Wrist shot by Shawn Thornton.
5:00 of 1st overtime period - Shot Misses the Net.
5:00 of 1st overtime period - Penalty Shot by Mike Blunden for Admirals NSH.
5:00 of 1st overtime period - Wrist shot by Mike Blunden.
5:00 of 1st overtime period - Shot Misses the Net.
5:00 of 1st overtime period - Penalty Shot by Chris Conner for Ice Caps.
5:00 of 1st overtime period - Wrist shot by Chris Conner.
5:00 of 1st overtime period - Stopped by Chad Johnson.
5:00 of 1st overtime period - Penalty Shot by Brad Winchester for Admirals NSH.
5:00 of 1st overtime period - Wrist shot by Brad Winchester.
5:00 of 1st overtime period - Stopped by Jussi Rynnas.
5:00 of 1st overtime period - Penalty Shot by Derek Grant for Ice Caps.
5:00 of 1st overtime period - Deke by Derek Grant.
5:00 of 1st overtime period - Goal by Derek Grant.